 Dungeon Crawl Stone Soup version 0.27.0-1-g7a089689b8 (webtiles) character file.

Game seed: 14729562916563485290

13082 dolemite99 the Cleaver (level 11, -1/108 HPs)
             Began as a Deep Dwarf Fighter on Aug 11, 2021.
             Was a Priest of Makhleb.
             Slain by a five-headed hydra (9 damage)
             ... on level 2 of the Lair of Beasts.
             The game lasted 00:19:07 (11439 turns).

dolemite99 the Cleaver (Deep Dwarf Fighter)        Turns: 11439, Time: 00:19:08

Health: -1/108     AC: 14    Str: 23    XL:     11   Next: 70%
Magic:  8/8        EV:  6    Int:  9    God:    Makhleb [***...]
Gold:   318        SH: 10    Dex: 12    Spells: 10/10 levels left

rFire    . . .     SeeInvis .   a - +1 war axe (vorpal)
rCold    + . .     Faith    .   c - +0 kite shield
rNeg     . . .     Spirit   .   y - +1 chain mail
rPois    +         Reflect  .   (no helmet)
rElec    .         Harm     .   (no cloak)
rCorr    .         Rampage  .   R - +1 pair of gloves
Will     +....                  (no boots)
Stlth    ..........             (no amulet)
HPRegen  0.00/turn              F - ring of protection from cold
MPRegen  0.11/turn              z - ring of poison resistance

@: no status effects
A: damage resistance, heal wounds, sense surroundings 2, no regeneration
a: Heal Wounds, Renounce Religion, Minor Destruction, Lesser Servant of Makhleb


You were on level 2 of the Lair of Beasts.
You worshipped Makhleb.
Makhleb was most pleased with you.
You visited 3 branches of the dungeon, and saw 12 of its levels.

You collected 802 gold pieces.
You spent 484 gold pieces at shops.

Inventory:

Hand Weapons
 a - a +1 vorpal war axe (weapon)
 b - a +0 hand crossbow of venom
 A - a +0 war axe
 D - a +1 hand axe of flaming
 E - a +5 morningstar
 H - a +0 mace of draining
 S - a +0 battleaxe
Missiles
 f - 44 bolts
 g - 56 sling bullets
 h - 236 stones
 q - 39 poisoned darts (quivered)
 r - 5 atropa-tipped darts
 C - a throwing net
 P - 3 boomerangs
Armour
 c - a +0 kite shield (worn)
 t - a +0 scale mail
 y - a +1 chain mail (worn)
 L - the +1 ring mail of Zysh {rF+ rN+ rCorr Slay-2}
   (You found it on level 8 of the Dungeon)

   Slay:      It affects your accuracy & damage with ranged weapons and melee
   (-2).
   rF:        It protects you from fire.
   rN:        It protects you from negative energy.
   rCorr:     It protects you from acid and corrosion.
 N - a scarf of invisibility
 R - a +1 pair of gloves (worn)
Magical Staves
 w - a staff of air
Jewellery
 j - a ring of protection from fire
 z - a ring of poison resistance (right hand)
 B - a +4 ring of evasion
 F - a ring of protection from cold (left hand)
 K - a ring of wizardry
Wands
 s - a wand of flame (51)
 v - a wand of acid (6)
 J - a wand of charming (11)
 M - a wand of polymorph (10)
 O - a wand of iceblast (7)
Scrolls
 i - 3 scrolls of identify {@r1}
 l - 7 scrolls of amnesia
 m - 2 scrolls of vulnerability
 x - 2 scrolls of torment
 G - 4 scrolls of teleportation
 Q - 2 scrolls of immolation
Potions
 d - 6 potions of might
 e - 2 potions of magic
 k - 5 potions of ambrosia
 n - 3 potions of haste
 o - 2 potions of attraction
 p - a potion of invisibility
 u - 4 potions of brilliance


   Skills:
 + Level 9.8 Fighting
 * Level 13.3 Axes
 - Level 3.0 Crossbows
 + Level 8.7 Armour
 - Level 4.0 Shields
 - Level 5.0 Invocations
 - Level 5.6 Evocations


You had 10 spell levels left.
You didn't know any spells.
Your spell library contained the following spells:

 Spells                   Type           Power      Damage    Failure   Level
 Corona                   Hex            0%         N/A       100%        1
 Freeze                   Ice            0%         1d3       100%        1
 Corpse Rot               Necr/Air       N/A        N/A       100%        2
 Ensorcelled Hibernation  Hex/Ice        0%         N/A       100%        2
 Poisonous Vapours        Pois/Air       0%         N/A       100%        2
 Frozen Ramparts          Ice            0%         1d2       100%        3
 Tukima's Dance           Hex            0%         N/A       100%        3
 Hailstorm                Conj/Ice       0%         3d3       100%        4
 Leda's Liquefaction      Hex/Erth       0%         N/A       100%        4
 Bolt of Magma            Conj/Fire/Erth 0%         4d4       100%        5
 Freezing Cloud           Conj/Ice/Air   0%         6-21      100%        5
 Statue Form              Tmut/Erth      0%         N/A       100%        6


Dungeon Overview and Level Annotations

Branches:
Dungeon (9/15)             Temple (1/1) D:4            Lair (2/6) D:8
  Swamp (0/4) Lair:2
  Snake: Lair:2-4    Spider: Lair:2-4       Orc: D:9-12

Altars:
Ashenzari
Cheibriados
Dithmenos
Elyvilon
Fedhas
Gozag
Hepliaklqana
Kikubaaqudgha
Makhleb
Nemelex Xobeh
Okawaru
Qazlal
Ru
Sif Muna
Trog
Uskayaw
Vehumet
Wu Jian
Xom
Yredelemnul
Zin
The Shining One

Shops:
D:6 *

Annotations:
D:9 1 runed translucent door, Spectrina's ghost, novice DEMo


Innate Abilities, Weirdness & Mutations

You are resistant to damage.
You can heal yourself by infusing magical energy.
You passively map the area around you.
You do not regenerate.


Message History

* * * LOW HITPOINT WARNING * * *
The five-headed hydra bites you!
* * * LOW HITPOINT WARNING * * *
The five-headed hydra bites you!
* * * LOW HITPOINT WARNING * * *
The five-headed hydra bites you!
* * * LOW HITPOINT WARNING * * *
The five-headed hydra bites you.
You feel much better.
The five-headed hydra bites you but does no damage. x2
The five-headed hydra bites you.
* * * LOW HITPOINT WARNING * * *
The five-headed hydra bites you but does no damage.
The five-headed hydra barely misses you.
You feel much better. The five-headed hydra bites you!
* * * LOW HITPOINT WARNING * * *
The five-headed hydra bites you!
* * * LOW HITPOINT WARNING * * *
The five-headed hydra bites you but does no damage.
The five-headed hydra barely misses you.
The five-headed hydra bites you but does no damage.
You fail to use your ability.
The five-headed hydra bites you but does no damage.
The five-headed hydra bites you!
* * * LOW HITPOINT WARNING * * *
The five-headed hydra bites you!
* * * LOW HITPOINT WARNING * * *
The five-headed hydra bites you.
* * * LOW HITPOINT WARNING * * *
The five-headed hydra bites you.
Aiming: Corrosive Bolt
Press: ? - help, Shift-Dir - straight line, f/p - five-headed hydra
Aim: a five-headed hydra (moderately wounded, covered in acid, 91% to hit)
The bolt of acid hits the five-headed hydra!
The five-headed hydra is splashed with acid.
The five-headed hydra seems to be corroded for longer.
The five-headed hydra is heavily wounded.
The five-headed hydra completely misses you.
The five-headed hydra bites you!
You die...

#### #... ##
##..##..# ###
##8..8#..# #P########
#.......# #...(.#.##
#..D....# ♣.♣.......
#8.@8#.. ♣.♣#.P....
###..##..# ♣.♣#P#....
#.......P##♣.♣###....
##..........♣.♣ #....
#.<........#♣†♣ +....
#........##♣♣.♣ #....
#.........#
♣.♣♣.#....
##.......##
♣.♣.......
#.......##♣#...####..


You could see a five-headed hydra (corroded).

Vanquished Creatures
  Erica (D:9)
  A two-headed ogre (D:8)
  2 elephants (Lair:2)
  2 black mambas (Lair:1)
  4 komodo dragons
  Prince Ribbit (D:9)
  Sigmund (D:3)
  The ghost of mndeal the Firebug, an amateur OpFE (D:4)
  A wyvern (D:9)
  A vampire (D:9)
  A shadow (D:9)
  A basilisk (Lair:2)
  8 yaks
  9 water moccasins
  2 orc warriors
  A sky beast (D:5)
  2 black bears
  2 necrophages
  4 wolves (Lair:1)
  5 centaurs
  2 phantoms (D:5)
  A kobold brigand (D:9)
  12 bullfrogs
  2 scorpions
  2 wyvern skeletons (D:7)
  18 killer bees
  11 wights
  2 bullfrog zombies (D:5)
  A centaur zombie (D:8)
  4 jellies
  2 gnoll shamans (D:7)
  3 orc priests (D:9)
  2 hounds
  3 iguanas
  An orc wizard (D:9)
  A hound skeleton (D:4)
  2 howler monkey zombies
  A howler monkey skeleton (D:7)
  11 gnolls
  9 adders
  A white imp (D:7)
  A worm (D:3)
  A dart slug (D:3)
  11 orcs
  6 endoplasms
  2 giant cockroaches
  5 goblins
  3 hobgoblins
  4 jackals (D:2)
  6 kobolds
  4 quokkas
  8 ball pythons
  A bat (D:1)
  4 frilled lizards (D:1)
  5 rats
202 creatures vanquished.

Vanquished Creatures (collateral kills)
  2 elephants (Lair:2)
  2 cane toads (Lair:1)
  A komodo dragon (Lair:2)
  A queen bee (Lair:1)
  5 blink frogs (Lair:2)
  3 water moccasins
  A bullfrog (Lair:1)
  7 killer bees (Lair:1)
22 creatures vanquished.

Vanquished Creatures (others)
  A killer bee (Lair:1)
  10 fungi
  71 plants
82 creatures vanquished.

Grand Total: 306 creatures vanquished

Notes
Turn   | Place    | Note
-------+----------+-------------------------------------------
     0 | D:1      | dolemite99 the Deep Dwarf Fighter began the quest for the
                  | Orb.
     0 | D:1      | Reached XP level 1. HP: 20/20 MP: 1/1
    55 | D:1      | Reached skill level 3 in Axes
    56 | D:1      | Reached XP level 2. HP: 22/27 MP: 2/2
   464 | D:1      | Found a faded altar of an unknown god.
   998 | D:2      | Reached XP level 3. HP: 24/33 MP: 3/3
  1031 | D:2      | Reached skill level 4 in Axes
  1116 | D:2      | Found a hide-covered altar of Uskayaw.
  1662 | D:3      | Reached XP level 4. HP: 39/40 MP: 4/4
  1700 | D:3      | Found a glowing silver altar of Zin.
  1875 | D:3      | Noticed Sigmund
  1894 | D:3      | Killed Sigmund
  1895 | D:3      | Reached skill level 6 in Axes
  1895 | D:3      | Reached XP level 5. HP: 32/46 MP: 4/4
  2553 | D:4      | Reached skill level 7 in Axes
  2553 | D:4      | Reached XP level 6. HP: 38/55 MP: 5/5
  2604 | D:4      | Found a staircase to the Ecumenical Temple.
  2614 | Temple   | Entered the Ecumenical Temple
  2961 | D:4      | Found a runed translucent door.
  3446 | D:4      | Noticed mndeal's ghost (amateur OpFE)
  3466 | D:4      | Reached skill level 8 in Axes
  3473 | D:4      | Killed mndeal's ghost
  3474 | D:4      | Reached XP level 7. HP: 20/61 MP: 6/6
  3492 | D:5      | Entered Level 5 of the Dungeon
  3534 | D:5      | Reached skill level 9 in Axes
  4001 | D:5      | Found a burning altar of Makhleb.
  4010 | D:5      | Became a worshipper of Makhleb the Destroyer
  4043 | D:5      | Reached skill level 10 in Axes
  4052 | D:5      | Noticed a yak
  4055 | D:5      | Noticed a yak
  4055 | D:5      | Noticed a yak
  4055 | D:5      | Noticed a yak
  4063 | D:5      | Noticed a yak
  4093 | D:4      | Killed a yak
  4094 | D:4      | Reached XP level 8. HP: 26/68 MP: 7/7
  4185 | D:4      | Reached skill level 11 in Axes
  4403 | D:5      | Reached skill level 12 in Axes
  5080 | D:6      | Found a shimmering altar of Xom.
  5091 | D:6      | Gained mutation: You passively map the area around you.
                  | [Deep Dwarf growth]
  5091 | D:6      | Reached XP level 9. HP: 27/74 MP: 8/8
  5157 | D:6      | Found Nixuana's General Store.
  5160 | D:6      | Bought a potion of might for 44 gold pieces
  5160 | D:6      | Bought a potion of might for 44 gold pieces
  5160 | D:6      | Bought a scroll of identify for 22 gold pieces
  5160 | D:6      | Bought a potion of haste for 110 gold pieces
  5305 | D:6      | Found an ancient bone altar of Kikubaaqudgha.
  5305 | D:6      | Noticed a two-headed ogre
  5548 | D:6      | Reached skill level 1 in Crossbows
  5560 | D:6      | Reached * piety under Makhleb
  6404 | D:7      | Reached skill level 5 in Fighting
  6792 | D:8      | Identified the +1 ring mail of Zysh {rF+ rN+ rCorr Slay-2}
  6814 | D:8      | Reached ** piety under Makhleb
  6893 | D:8      | Found a shimmering blue altar of Sif Muna.
  6927 | D:8      | Killed a two-headed ogre
  6928 | D:8      | Reached XP level 10. HP: 69/96 MP: 8/8
  7102 | D:8      | Found a staircase to the Lair.
  7666 | D:6      | Bought a wand of acid (8) for 264 gold pieces
  7792 | D:9      | Reached skill level 1 in Evocations
  7883 | D:9      | Found a runed translucent door.
  8033 | D:9      | Reached skill level 1 in Invocations
  8590 | D:9      | Noticed Prince Ribbit
  8597 | D:9      | Killed Prince Ribbit
  8864 | D:9      | Noticed Erica
  8866 | D:9      | Found a sparkling altar of Nemelex Xobeh.
  8895 | D:9      | Killed Erica
  8896 | D:9      | Reached skill level 5 in Evocations
  8918 | D:9      | Identified the +7 spear "Iraluwn" {freeze, rElec Str+3}
  8920 | D:9      | Noticed Spectrina's ghost (novice DEMo)
  8944 | D:9      | Reached skill level 5 in Invocations
  8967 | D:9      | Found an ornate altar of the Wu Jian Council.
  8977 | D:9      | Reached skill level 5 in Armour
  9283 | Lair:1   | Entered Level 1 of the Lair of Beasts
  9495 | Lair:1   | Noticed a black mamba
  9498 | Lair:1   | Killed a black mamba
  9553 | Lair:1   | Reached XP level 11. HP: 49/106 MP: 12/12
  9926 | Lair:1   | Reached *** piety under Makhleb
 11092 | Lair:2   | Noticed a boulder beetle
 11125 | Lair:2   | Found a staircase to the Swamp.
 11169 | Lair:2   | Reached skill level 13 in Axes
 11362 | Lair:2   | HP: 3/108 [komodo dragon (18)]
 11431 | Lair:2   | Noticed a four-headed hydra
 11439 | Lair:2   | Slain by a five-headed hydra

Illustrated notes

Levels and vault maps discovered:
D:1:      wander_arrival_estate, layout_basic, basic_ecumenical_altar,
          roderic_roman_lattice, minivault_4
D:2:      layout_basic, basic_altar
D:3:      layout_basic, overflow_temple_1_default, uniq_sigmund
D:4:      layout_gridville, temple_hall, ebering_ghost_sewer_d
D:5:      layout_basic, makhleb_blood_cavern_becter, kennysheep_doodads
D:6:      layout_loops_ring, xom_butterflies, mainiacjoe_overflow_alcove_4,
          serial_shops, shop_statue
D:7:      layout_loops_ring
D:8:      layout_loops_cross, mainiacjoe_overflow_six_doors_small,
          grunt_lair_entry_orc_guard_hut, hangedman_decor_peaks_small
D:9:      layout_rooms, mainiacjoe_overflow_small_starburst,
          mainiacjoe_overflow_paths, ebering_ghost_funeral_grove,
          minmay_misc_feat_pillars, blue_anna_alchemist, uniq_prince_ribbit1,
          uniq_erica
Temple:   regret_index_temple_waves
Lair:1:   layout_cave_pods, special_room [special_room_bee]
Lair:2:   layout_roguey, minmay_swamp_entry_reptiles, serial_forest,
          infiniplex_forest_clump_curved, infiniplex_forest_clump_medium,
          infiniplex_forest_end_1, infiniplex_forest_lined_corner,
          infiniplex_forest_straight_3, infiniplex_forest_lined_ring,
          infiniplex_forest_straight_3, infiniplex_forest_clump_C,
          infiniplex_forest_clump_tiny, infiniplex_forest_lined_1, st_stairs_6

Skill      XL: |  1  2  3  4  5  6  7  8  9 10 11 |
---------------+----------------------------------+-----
Axes           | 3 4 6 7 8 10 12 13 | 13.3
Crossbows      | 3 |  3.0
Fighting       | 7 9 |  9.8
Armour         | 5 8 |  8.7
Evocations     | 5 |  5.6
Invocations    | 5 |  5.0
Shields        | 4 |  4.0

Action                   |  1- 3 |  4- 6 |  7- 9 | 10-12 || total
-------------------------+-------+-------+-------+-------++-------
Melee: War axe           |   117 |    48 |       |   106 ||   271
       Hand axe          |       |    30 |   190 |    89 ||   309
 Fire: Hand crossbow     |       |       |    90 |   136 ||   226
Throw: Dart              |       |     9 |    29 |     6 ||    44
Invok: Minor Destruction |       |       |       |    29 ||    29
       Lesser Servant of |       |       |       |    10 ||    10
 Abil: Heal Wounds       |     1 |     1 |    13 |    19 ||    34
Evoke: Wand              |       |       |       |    16 ||    16
  Use: Potion            |       |     1 |       |     9 ||    10
       Scroll            |       |       |    15 |     6 ||    21
Armor: Scale mail        |    53 |     8 |       |       ||    61
       Chain mail        |       |    18 |   121 |   168 ||   307
       Skin              |       |       |       |    81 ||    81
Dodge: Dodged            |    42 |    21 |    50 |    96 ||   209
Block: Kite shield       |    75 |    34 |   136 |   246 ||   491
